 Dungeon Crawl Stone Soup version 0.32-a0-558-g233958a4c4 (webtiles) character file.

Game seed: 4185161607620739140

6 Persephone the Sneak (level 1, 0/18 HPs)
             Began as a Minotaur Brigand on Feb 29, 2024.
             Slain by a ball python (2 damage)
             ... on level 1 of the Dungeon.
             The game lasted 00:00:30 (128 turns).

Persephone the Sneak (Minotaur Brigand)              Turns: 128, Time: 00:00:31

Health: 0/18       AC:  3    Str: 15    XL:     1   Next: 75%
Magic:  0/0        EV:  1    Int:  8    God:
Gold:   35         SH:  0    Dex: 11    Spells: 0/0 levels left

rFire   . . .        (no weapon)
rCold   . . .        (no shield)
rNeg    . . .        b - +0 robe
rPois   .            (helmet restricted)
rElec   .            c - +0 cloak
rCorr   .            (no gloves)
SInv    .            (no boots)
Will    .....        (no amulet)
Stlth   ++           (no ring)
HPRegen 0.23/turn    (no ring)
MPRegen 0.07/turn

%: no passive effects
@: constricted
A: horns 2, retaliatory headbutt
a: no special abilities


You were on level 1 of the Dungeon.
You visited 1 branch of the dungeon, and saw 1 of its levels.

You collected 35 gold pieces.

Inventory:

Missiles
 d - 9 poisoned darts (quivered)
 e - 3 curare-tipped darts
Armour
 b - a +0 robe (worn)
 c - a +0 cloak (worn)
Potions
 a - a potion of brilliance {unknown}


   Skills:
 - Level 2.4 Fighting
 - Level 2.2 Short Blades
 - Level 2.0 Throwing
 - Level 1.1 Dodging
 - Level 3.2 Stealth
 + Level 0.9 Unarmed Combat
 + Level 0.4 Spellcasting


You couldn't memorise any spells.
You didn't know any spells.
Your spell library was empty.

Dungeon Overview and Level Annotations

Branches:
Dungeon (1/15)

Altars:

Shops:
D:1 :


Innate Abilities, Weirdness & Mutations

You have a pair of horns on your head.
You reflexively headbutt those who attack you in melee.


Message History

The ball python hisses angrily.
You hit the frilled lizard but do no damage.
The frilled lizard bites you but does no damage.
You closely miss the frilled lizard. The frilled lizard barely misses you.
You furiously retaliate!
You headbutt the frilled lizard!
You kill the frilled lizard!
The dart slug launches a dart at you. The slug dart hits you.
The ball python bites you but does no damage.
The ball python grabs you. The ball python constricts you.
The dart slug launches a dart at you. The slug dart hits you.
The ball python bites you. The ball python constricts you.
Lua - Auto Kill stopped.
Not in fighting shape.
You hit the ball python but do no damage.
The ball python bites you but does no damage.
The ball python constricts you.
You barely miss the ball python. Your headbutt misses the ball python.
The ball python bites you but does no damage.
The ball python constricts you.
You barely miss the ball python. Your headbutt misses the ball python.
The ball python bites you but does no damage.
The ball python constricts you.
You hit the dart slug.
The dart slug is heavily wounded.
The ball python bites you but does no damage.
The ball python constricts you.
You hit the dart slug.
The dart slug is heavily wounded.
The ball python bites you.
* * * LOW HITPOINT WARNING * * *
The ball python constricts you.
* * * LOW HITPOINT WARNING * * *
The dart slug bites you.
* * * LOW HITPOINT WARNING * * *
You hit the dart slug.
The dart slug is severely wounded.
The ball python bites you.
You die...

~ #. #.#
#.†...## ##
#.#########.##
#.........#.#
###..........#
##$..........##
#.....!......#
.............#
............##
.......@....#
......Sw..###
..........#
...........#
.............
..............
...............
...............


You could see a dart slug and a ball python.

Vanquished Creatures
  A giant cockroach (D:1)
  A hobgoblin (D:1)
  A bat (D:1)
  2 frilled lizards (D:1)
  2 rats (D:1)
7 creatures vanquished.

Notes
Turn   | Place    | Note
-------+----------+-------------------------------------------
     0 | D:1      | Persephone the Minotaur Brigand began the quest for the
                  | Orb.
     0 | D:1      | Reached XP level 1. HP: 18/18 MP: 0/0
    51 | D:1      | Found Sajy's Book Shop.
   128 | D:1      | Slain by a ball python

Illustrated notes

Levels and vault maps discovered:
D:1:      saegor_arrival_miasma, layout_rooms, serial_shops,
          nicolae_shop_just_a_little_nook, fountainhead

Action                     || total
---------------------------++-------
  Melee: Unarmed           ||    12
         Dagger            ||     8
         Headbutt          ||     2
 Armour: Robe              ||    24
  Dodge: Dodged            ||     8

Table legend: (Time is in decaauts)
 A = Elapsed time spent in this place.
 B = Non-inter-level travel time spent in this place.
 C = Inter-level travel time spent in this place.
 D = Time resting spent in this place.
 E = Time spent auto-exploring this place.
 F = Levels seen in this place.
 G = Mean time per level.
                   A        B        C        D        E       F      G
               +--------+--------+--------+--------+--------+-----+--------+
         Total |    127 |    127 |      0 |      0 |     69 |   1 |  127.0 |
       Dungeon |    127 |    127 |      0 |      0 |     69 |   1 |  127.0 |
               +--------+--------+--------+--------+--------+-----+--------+

Top non-repeatable levels by time:
     D:1: 127 daAuts
